 Dungeon Crawl Stone Soup version 0.30.0-29-ga12c61a403 (webtiles) character file.

Game seed: 2687451907106323192

3415 qw the Cleaver (level 10, -7/63 HPs)
             Began as a Gargoyle Fighter on June 3, 2023.
             Was an Initiate of Okawaru.
             Mangled by Gastronok (13 damage)
             ... on level 8 of the Dungeon.
             The game lasted 00:04:41 (8531 turns).

qw the Cleaver (Gargoyle Fighter)                   Turns: 8531, Time: 00:04:42

Health: -7/63      AC: 34    Str: 25    XL:     10   Next: 5%
Magic:  10/10      EV:  6    Int:  6    God:    Okawaru [......]
Gold:   410        SH:  9    Dex:  9    Spells: 9/9 levels left

rFire   . . .        Y - +0 war axe (protect)
rCold   + . .        p - +0 kite shield
rNeg    + + +        s - +0 plate armour
rPois   inf          r - +1 helmet
rElec   +            m - +0 cloak {rCorr}
rCorr   +            n - +1 pair of gloves "Liciti" {Rampage rC+ rN+++ Int-2}
SInv    .            q - +0 pair of boots
Will    +....        (no amulet) Stlth
                     g - ring of willpower
HPRegen 0.30/turn    (no ring)
MPRegen 0.12/turn

%: rampage
@: about to teleport, under a protective aura
A: sickness immunity, AC +7, negative energy resistance 1, electricity
resistance, torment resistance 1, petrification resistance
a: Renounce Religion


You were on level 8 of the Dungeon.
You worshipped Okawaru.
Okawaru was noncommittal.
You visited 2 branches of the dungeon, and saw 9 of its levels.
You also visited: Sewer and Ossuary.

You collected 434 gold pieces.
You spent 24 gold pieces at shops.


Innate Abilities, Weirdness & Mutations

You are immune to sickness and miasma.
Your stone body is resilient. (AC +7)
You are immune to poison.
You resist negative energy. (rN+)
You are resistant to electric shocks. (rElec)
You are resistant to unholy torment.
You are immune to petrification.


   Skills:
 - Level 7.1 Fighting
 - Level 9.2 Axes
 - Level 2.6 Throwing
 - Level 6.0 Armour
 - Level 1.3 Dodging
 + Level 6.6 Shields


You had 9 spell levels left.
You didn't know any spells.
Your spell library was empty.

Inventory:

Hand Weapons
 t - a +0 morningstar
 Y - a +0 war axe of protection (weapon)
Missiles
 o - 5 boomerangs (quivered)
Armour
 m - a +0 cloak of preservation (worn)
 n - the +1 pair of gloves "Liciti" (worn) {Rampage rC+ rN+++ Int-2}
   (You acquired it on level 4 of the Dungeon)

   Int:       It affects your intelligence (-2).
   rC:        It protects you from cold.
   rN:        It renders you almost immune to negative energy.
   Rampage:   It bestows one free step when moving towards enemies.
 p - a +0 kite shield (worn)
 q - a +0 pair of boots (worn)
 r - a +1 helmet (worn)
 s - a +0 plate armour (worn)
Jewellery
 g - a ring of willpower (left hand)
 i - a +6 ring of intelligence
Scrolls
 f - 3 scrolls of teleportation
 j - 4 scrolls of identify
Potions
 a - 2 potions of haste
 b - a potion of mutation
 c - a potion of lignification
 d - 3 potions of might
 e - a potion of cancellation
 h - 2 potions of attraction
 k - 3 potions of curing

Dungeon Overview and Level Annotations

Branches:
Dungeon (8/15)             Temple (1/1) D:7           Sewer (visited)
Ossuary (visited)
   Lair: D:8-11

Altars:
Ashenzari
Cheibriados
Dithmenos
Elyvilon
Fedhas
Gozag
Hepliaklqana
Kikubaaqudgha
Makhleb
Nemelex Xobeh
Okawaru
Qazlal
Ru
Sif Muna
Trog
Uskayaw
Vehumet
Wu Jian
Xom
Yredelemnul
Zin
The Shining One

Shops:
D:1 ?   D:7 (

Annotations:
D:4 2 transporters
D:8 Gastronok


Message History

You slash Gastronok!
Gastronok is lightly wounded.
You hit Gastronok but do no damage.
Gastronok is lightly wounded.
You block Gastronok's attack.
You hit Gastronok.
Gastronok is lightly wounded.
Gastronok bites you but does no damage.
You completely miss Gastronok.
Gastronok is lightly wounded.
You slash Gastronok!
Gastronok is lightly wounded.
You block Gastronok's attack.
You slash Gastronok!
Gastronok is moderately wounded.
You hit Gastronok.
Gastronok is moderately wounded.
Gastronok bites you!
You slash Gastronok!
Gastronok is moderately wounded.
Gastronok waves his eye-stalks in wide circles.
The air twists around and strikes you!!
You slash Gastronok!
Gastronok is heavily wounded.
You slash Gastronok!
Gastronok is heavily wounded.
Gastronok bites you!!
8528 ||| READING 4 scrolls of teleportation.
As you read the scroll of teleportation, it crumbles to dust.
You feel strangely unstable.
You hit Gastronok.
Gastronok is heavily wounded.
Gastronok casts a spell.
Gastronok puts on a burst of speed!
You hit Gastronok.
Gastronok is heavily wounded.
You slash Gastronok!
Gastronok is heavily wounded.
Gastronok bites you!
You die...

#.......### #...###.....
#....#...# ##....#......
#...###..## ##.......###.. .....
##..###........# ### ####.#
##.....###...## # #.## ##..###
##...# # #..# #.## #...## # ##
##.# ##w(# #....#### #.#
##..#####@..### ##........ #..#
##..#..#.......###.........
#...###..###.....................
# #....>## ##...........#######..
#.#...### #...##......## #..
#..#..# #.........#..# #..
##....### #.......####.## ##..
####...## ##......## #..####...
###..###......## ##....#..##


You could see Gastronok (swift).

Vanquished Creatures
  A cyclops (D:7)
  A wyvern (D:8)
  A water moccasin (D:5)
  An orc warrior (D:7)
  4 sky beasts
  2 ice beasts (D:8)
  A black bear (D:7)
  A wolf (D:7)
  2 bullfrogs
  A scorpion (D:3)
  4 gnoll sergeants
  8 wights
  4 hounds
  8 jellies
  3 orc priests
  2 gnoll boudas (D:7)
  2 iguanas (D:6)
  3 orc wizards
  19 gnolls
  11 adders
  2 river rats
  3 white imps
  An ufetubus (D:5)
  4 worms
  A dart slug (D:5)
  21 orcs
  3 bats
  15 endoplasms
  10 giant cockroaches
  8 goblins
  10 hobgoblins
  3 jackals (D:7)
  5 quokkas
  13 ball pythons
  7 frilled lizards
  5 hobgoblin zombies (Ossuary)
  5 kobolds
  7 kobold zombies (Ossuary)
  8 orc zombies (Ossuary)
  9 rats
219 creatures vanquished.

Vanquished Creatures (others)
  An orc wizard (D:4)
1 creature vanquished.

Grand Total: 220 creatures vanquished

Notes
Turn   | Place    | Note
-------+----------+-------------------------------------------
     0 | D:1      | qw the Gargoyle Fighter began the quest for the Orb.
     0 | D:1      | Reached XP level 1. HP: 14/14 MP: 1/1
     0 | D:1      | 0 ||| qw: Version: 0.2-a-103-g5a998e5
     0 | D:1      | 0 ||| qw: Game counter: 1125
     0 | D:1      | 0 ||| qw: Always use a shield: true
     0 | D:1      | 0 ||| qw: God list: Okawaru
     0 | D:1      | 0 ||| qw: Allow faded altars: false
     0 | D:1      | 0 ||| qw: Do Orc after D:15 true
     0 | D:1      | 0 ||| qw: Do second Lair branch before Depths: true
     0 | D:1      | 0 ||| qw: Lair rune preference: random
     0 | D:1      | 0 ||| qw: Plans: Normal, Zot:1-4, Slime:5, God:TSO, Crypt,
                  | Tomb, Pan, Hells, Abyss, Win
     0 | D:1      | 0 ||| PLANNING D:1-11
    40 | D:1      | Reached skill level 2 in Axes
   146 | D:1      | Reached XP level 2. HP: 19/19 MP: 2/2
   593 | D:1      | Reached skill level 3 in Axes
   595 | D:1      | Found Soha Muny's Magic Scroll Shop.
   617 | D:1      | 617 ||| SHOPLISTING scroll of enchant armour (90 gold, have
                  | 58).
   617 | D:1      | 617 ||| BUYING scroll of identify (24 gold).
   617 | D:1      | Bought a scroll of identify for 24 gold pieces
   617 | D:1      | 617 ||| SHOPLISTING scroll of teleportation (36 gold, have
                  | 34).
   767 | D:1      | 767 ||| READING 2 scrolls labelled NULEDOI JOTICHE.
   768 | D:1      | 768 ||| READING 2 scrolls labelled UNE MIBAOFIWE.
   769 | D:1      | 769 ||| READING scroll labelled XUHEPE QEPA.
   770 | D:1      | 770 ||| READING scroll labelled TETEDO BOIRIOB.
   771 | D:1      | 771 ||| READING 2 scrolls of identify.
   771 | D:1      | 771 ||| IDENTIFYING metallic white potion
   772 | D:1      | 772 ||| DROPPING scroll of poison.
   773 | D:1      | 773 ||| DROPPING scroll of fog.
   774 | D:1      | 774 ||| DROPPING potion of brilliance.
   859 | D:2      | Reached XP level 3. HP: 23/23 MP: 3/3
   896 | D:2      | 896 ||| Stepping ~*~*~tactically~*~*~ (stealth).
  1022 | D:2      | 1022 ||| Stepping ~*~*~tactically~*~*~ (stealth).
  1069 | D:2      | 1069 ||| Stepping ~*~*~tactically~*~*~ (stealth).
  1192 | D:2      | Reached skill level 1 in Throwing
  1456 | D:2      | You fall into a shaft and drop 1 floor!
  1460 | D:3      | 1460 ||| FLEEEEING.
  1461 | D:3      | 1461 ||| FLEEEEING.
  1465 | D:3      | 1465 ||| FLEEEEING.
  1467 | D:3      | 1467 ||| STAIRDANCE
  1527 | D:2      | Reached XP level 4. HP: 28/28 MP: 4/4
  1790 | D:2      | 1790 ||| READING 2 scrolls labelled HAMOMAJULAT.
  1793 | D:2      | 1793 ||| DRINKING 2 inky potions.
  1794 | D:2      | 1794 ||| DRINKING 2 pink potions.
  1795 | D:2      | 1795 ||| READING 3 scrolls of identify.
  1795 | D:2      | 1795 ||| IDENTIFYING clear potion
  1796 | D:2      | 1796 ||| READING 2 scrolls of identify.
  1796 | D:2      | 1796 ||| IDENTIFYING sedimented inky potion
  1797 | D:2      | 1797 ||| DROPPING potion of invisibility.
  1798 | D:2      | 1798 ||| DROPPING potion of flight.
  1799 | D:2      | 1799 ||| DROPPING potion of degeneration.
  1826 | D:3      | 1826 ||| Stepping ~*~*~tactically~*~*~ (stealth).
  1828 | D:3      | 1828 ||| Stepping ~*~*~tactically~*~*~ (stealth).
  1830 | D:3      | 1830 ||| Stepping ~*~*~tactically~*~*~ (stealth).
  1837 | D:3      | 1837 ||| Stepping ~*~*~tactically~*~*~ (stealth).
  1839 | D:3      | 1839 ||| Stepping ~*~*~tactically~*~*~ (stealth).
  1854 | D:3      | 1854 ||| Stepping ~*~*~tactically~*~*~ (hiding).
  1857 | D:3      | 1857 ||| Stepping ~*~*~tactically~*~*~ (hiding).
  1858 | D:3      | Noticed a scorpion
  1869 | D:3      | Killed a scorpion
  1870 | D:3      | Reached skill level 4 in Axes
  1870 | D:3      | Reached XP level 5. HP: 26/32 MP: 5/5
  2028 | D:3      | 2028 ||| Stepping ~*~*~tactically~*~*~ (stealth).
  2174 | D:3      | 2174 ||| Stepping ~*~*~tactically~*~*~ (hiding).
  2175 | D:3      | 2175 ||| Stepping ~*~*~tactically~*~*~ (hiding).
  2378 | D:3      | 2378 ||| UPGRADING to +0 chain mail.
  2388 | D:3      | 2388 ||| DROPPING +0 scale mail.
  2389 | D:3      | 2389 ||| READING scroll labelled YDWAIC RAOSEC.
  2390 | D:3      | 2390 ||| READING scroll labelled ARUNLO WAETZAE.
  2417 | D:4      | 2417 ||| PLANNING SEWER
  2454 | D:4      | 2454 ||| Stepping ~*~*~tactically~*~*~ (stealth).
  2456 | D:4      | 2456 ||| Stepping ~*~*~tactically~*~*~ (stealth).
  2458 | D:4      | 2458 ||| Stepping ~*~*~tactically~*~*~ (stealth).
  2463 | D:4      | Reached skill level 5 in Axes
  2478 | D:4      | Found a glowing drain.
  2479 | D:4      | 2479 ||| READING scroll labelled VUOZIP AQEOB.
  2506 | D:4      | Reached XP level 6. HP: 38/38 MP: 6/6
  2564 | Sewer    | Entered a sewer
  2657 | Sewer    | 2657 ||| Stepping ~*~*~tactically~*~*~ (stealth).
  2691 | Sewer    | 2691 ||| Stepping ~*~*~tactically~*~*~ (water).
  2761 | Sewer    | 2761 ||| Stepping ~*~*~tactically~*~*~ (water).
  2923 | Sewer    | Found a viscous altar of Jiyva.
  2928 | Sewer    | 2928 ||| Stepping ~*~*~tactically~*~*~ (stealth).
  2937 | Sewer    | 2937 ||| Stepping ~*~*~tactically~*~*~ (stealth).
  2940 | Sewer    | 2940 ||| Stepping ~*~*~tactically~*~*~ (stealth).
  3019 | Sewer    | Reached skill level 6 in Axes
  3019 | Sewer    | Reached XP level 7. HP: 34/43 MP: 7/7
  3101 | Sewer    | 3101 ||| READING scroll labelled BYZESE ZOIT.
  3102 | Sewer    | 3102 ||| DRINKING 2 amethyst potions.
  3103 | Sewer    | 3103 ||| DRINKING 3 fuming puce potions.
  3104 | Sewer    | 3104 ||| READING 2 scrolls of identify.
  3104 | Sewer    | 3104 ||| IDENTIFYING glowing amethyst potion
  3105 | Sewer    | 3105 ||| DROPPING 2 potions of magic.
  3121 | D:4      | 3121 ||| PLANNING D:1-11
  3136 | D:4      | Found a transporter.
  3153 | D:4      | Reached skill level 1 in Dodging
  3163 | D:4      | Found a transporter.
  3209 | D:4      | 3209 ||| Stepping ~*~*~tactically~*~*~ (stealth).
  3238 | D:4      | 3238 ||| READING scroll labelled DOYDWA HIQE.
  3238 | D:4      | Identified a scroll of acquirement
  3238 | D:4      | 3238 ||| ACQUIRING +1 pair of gloves "Liciti" {Rampage rC+
                  | rN+++ Int-2}
  3238 | D:4      | Acquired the +1 pair of gloves "Liciti" {Rampage rC+ rN+++
                  | Int-2}
  3240 | D:4      | 3240 ||| UPGRADING to +1 pair of gloves "Liciti" {Rampage
                  | rC+ rN+++ Int-2}.
  3445 | D:4      | 3445 ||| DROPPING +0 whip.
  3655 | D:4      | 3655 ||| UPGRADING to ring of willpower.
  3664 | D:5      | Entered Level 5 of the Dungeon
  3728 | D:5      | Reached skill level 7 in Axes
  3806 | D:5      | Found a white marble altar of Elyvilon.
  3832 | D:5      | HP: 6/44 [gnoll sergeant/+4 spear of pain (6)]
  3833 | D:5      | 3833 ||| READING 4 scrolls of teleportation.
  3834 | D:5      | 3834 ||| DRINKING potion of heal wounds.
  3994 | D:5      | 3994 ||| Stepping ~*~*~tactically~*~*~ (hiding).
  3996 | D:5      | 3996 ||| Stepping ~*~*~tactically~*~*~ (hiding).
  4056 | D:5      | Reached XP level 8. HP: 49/49 MP: 8/8
  4521 | D:5      | 4521 ||| UPGRADING to +2 buckler.
  4531 | D:5      | 4531 ||| DROPPING +0 buckler.
  4532 | D:5      | 4532 ||| READING scroll labelled ANAFIZIUJY.
  4533 | D:5      | 4533 ||| DRINKING 2 dark potions.
  5118 | D:6      | 5118 ||| Stepping ~*~*~tactically~*~*~ (hiding).
  5354 | D:6      | Reached skill level 8 in Axes
  5445 | D:6      | 5445 ||| UPGRADING to +0 pair of boots.
  5450 | D:6      | 5450 ||| UPGRADING to +0 helmet.
  5455 | D:6      | 5455 ||| READING scroll of enchant armour.
  5455 | D:6      | 5455 ||| ENCHANTING +0 helmet.
  5456 | D:6      | 5456 ||| READING 2 scrolls labelled BITOUR TEIRGH.
  5457 | D:6      | 5457 ||| DRINKING 3 fizzy golden potions.
  5458 | D:6      | 5458 ||| DROPPING scroll of amnesia.
  5485 | D:7      | 5485 ||| PLANNING OSSUARY
  5491 | D:7      | 5491 ||| Stepping randomly (disturbance).
  5529 | D:7      | 5529 ||| Stepping ~*~*~tactically~*~*~ (hiding).
  5531 | D:7      | 5531 ||| Stepping ~*~*~tactically~*~*~ (stealth).
  5558 | D:7      | Reached skill level 6 in Fighting
  5574 | D:7      | 5574 ||| Stepping ~*~*~tactically~*~*~ (stealth).
  5576 | D:7      | 5576 ||| Stepping ~*~*~tactically~*~*~ (stealth).
  5577 | D:7      | 5577 ||| Stepping ~*~*~tactically~*~*~ (stealth).
  5593 | D:7      | 5593 ||| Stepping ~*~*~tactically~*~*~ (hiding).
  5602 | D:7      | Reached XP level 9. HP: 33/55 MP: 9/9
  5606 | D:7      | 5606 ||| FLEEEEING.
  5609 | D:7      | Noticed a cyclops
  5610 | D:7      | 5610 ||| FLEEEEING.
  5616 | D:7      | 5616 ||| FLEEEEING.
  5617 | D:7      | 5617 ||| FLEEEEING.
  5618 | D:7      | 5618 ||| FLEEEEING.
  5620 | D:7      | 5620 ||| FLEEEEING.
  5621 | D:7      | 5621 ||| FLEEEEING.
  5622 | D:7      | 5622 ||| FLEEEEING.
  5623 | D:7      | 5623 ||| FLEEEEING.
  5624 | D:7      | 5624 ||| FLEEEEING.
  5625 | D:7      | 5625 ||| FLEEEEING.
  5626 | D:7      | 5626 ||| FLEEEEING.
  5628 | D:7      | 5628 ||| STAIRDANCE
  5677 | D:6      | 5677 ||| UPGRADING to +0 cloak of preservation.
  5682 | D:6      | 5682 ||| DRINKING 2 bubbling purple potions.
  5731 | D:7      | 5731 ||| Stepping ~*~*~tactically~*~*~ (hiding).
  5747 | D:7      | Killed a cyclops
  5800 | D:7      | Reached skill level 9 in Axes
  5854 | D:7      | 5854 ||| Stepping ~*~*~tactically~*~*~ (stealth).
  5855 | D:7      | 5855 ||| Stepping ~*~*~tactically~*~*~ (stealth).
  5856 | D:7      | 5856 ||| Stepping ~*~*~tactically~*~*~ (stealth).
  5882 | D:7      | Found a sand-covered staircase.
  5888 | Ossuary  | Entered an ossuary
  6072 | D:7      | 6072 ||| PLANNING D:1-11
  6092 | D:7      | Found Fomygih's Weapon Boutique.
  6186 | D:7      | 6186 ||| Stepping ~*~*~tactically~*~*~ (stealth).
  6309 | D:7      | 6309 ||| Stepping ~*~*~tactically~*~*~ (stealth).
  6393 | D:7      | 6393 ||| DROPPING +0 flail.
  6439 | D:7      | 6439 ||| Stepping ~*~*~tactically~*~*~ (hiding).
  6455 | D:7      | Reached skill level 6 in Armour
  6545 | D:7      | 6545 ||| Stepping ~*~*~tactically~*~*~ (hiding).
  6547 | D:7      | 6547 ||| Stepping ~*~*~tactically~*~*~ (hiding).
  6548 | D:7      | 6548 ||| Stepping ~*~*~tactically~*~*~ (hiding).
  6549 | D:7      | 6549 ||| Stepping ~*~*~tactically~*~*~ (hiding).
  6551 | D:7      | 6551 ||| Stepping ~*~*~tactically~*~*~ (hiding).
  6620 | D:7      | Found a staircase to the Ecumenical Temple.
  6621 | D:7      | 6621 ||| PLANNING TEMPLE
  6621 | D:7      | 6621 ||| UPGRADING to +0 kite shield.
  6631 | D:7      | 6631 ||| DROPPING +2 buckler.
  6632 | D:7      | 6632 ||| UPGRADING to +0 plate armour.
  6642 | D:7      | 6642 ||| DROPPING +0 chain mail.
  6643 | D:7      | 6643 ||| READING 2 scrolls of identify.
  6643 | D:7      | 6643 ||| IDENTIFYING purple potion
  6652 | Temple   | Entered the Ecumenical Temple
  6824 | Temple   | 6824 ||| PLANNING OKAWARU WORSHIP
  7221 | Temple   | Became a worshipper of Warmaster Okawaru
  7221 | Temple   | 7221 ||| PLANNING D:1-11
  7620 | D:7      | 7620 ||| READING scroll labelled HOSCHAUHOVO.
  7705 | D:8      | 7705 ||| Stepping ~*~*~tactically~*~*~ (hiding).
  7706 | D:8      | 7706 ||| Stepping ~*~*~tactically~*~*~ (hiding).
  7768 | D:8      | Noticed Gastronok
  7769 | D:8      | 7769 ||| Stepping ~*~*~tactically~*~*~ (hiding).
  7784 | D:8      | Reached skill level 6 in Shields
  7785 | D:8      | HP: 10/57 [Gastronok/the air (25)]
  7786 | D:8      | 7786 ||| READING 5 scrolls of teleportation.
  8089 | D:8      | Reached XP level 10. HP: 63/63 MP: 10/10
  8380 | D:8      | 8380 ||| FLEEEEING.
  8490 | D:8      | 8490 ||| FLEEEEING.
  8491 | D:8      | 8491 ||| FLEEEEING.
  8509 | D:8      | 8509 ||| FLEEEEING.
  8511 | D:8      | 8511 ||| Stepping ~*~*~tactically~*~*~ (hiding).
  8527 | D:8      | HP: 5/63 [Gastronok (25)]
  8528 | D:8      | 8528 ||| READING 4 scrolls of teleportation.
  8531 | D:8      | Mangled by Gastronok

Levels and vault maps discovered:
D:1:      dpeg_arrival_tiny_f, layout_loops_cross, serial_shops, shop,
          corexii_corridor_pit
D:2:      layout_loops_corners, dreamdust_princess_corridor, minmay_pentomino_z2
D:3:      layout_basic, serial_glass, glass_columns_c, glass_columns_a,
          minmay_diced_spiral
D:4:      gammafunk_wand_slinger, layout_cave_pools, portal_sewer_entry_b,
          chequers_serial_rivers_micro_d, item_on_display_a
D:5:      layout_cave_pods, elyvilon_altar_5
D:6:      layout_loops_ring
D:7:      layout_cave_pools, minmay_temple_entry_proselytizer,
          nicolae_ossuary_entry_plus, serial_gnoll_camp, gnoll_camp_mini_hut,
          gnoll_camp_mini_house, gnoll_camp_medium_02, gnoll_camp_mini_shop,
          serial_park_tiny_1
D:8:      layout_layer_cave, dk_noncrumbling_2, uniq_gastronok
Temple:   mainiacjoe_temple_starburst

Skill      XL: |  1  2  3  4  5  6  7  8  9 |
---------------+----------------------------+-----
Axes           | 2 3 4 5 6 7 8 9 |  9.2
Throwing       | 1 2 |  2.6
Fighting       | 4 5 6 7 |  7.1
Dodging        | 1 |  1.3
Armour         | 4 6 |  6.0
Shields        | 6 |  6.6

Action                     |  1- 3 |  4- 6 |  7- 9 | 10-12 || total
---------------------------+-------+-------+-------+-------++-------
  Melee: War axe           |   104 |   179 |   431 |    22 ||   736
  Throw: Javelin           |    22 |    13 |    14 |     2 ||    51
         Boomerang         |       |       |     9 |     2 ||    11
    Use: Scroll            |     5 |     6 |    10 |     1 ||    22
         Potion            |       |     2 |     6 |       ||     8
   Stab: Invisible         |       |     1 |       |       ||     1
 Armour: Scale mail        |    51 |    23 |       |       ||    74
         Chain mail        |       |   112 |   211 |       ||   323
         Plate armour      |       |       |    37 |     5 ||    42
  Dodge: Dodged            |    37 |    61 |   139 |     1 ||   238
  Block: Buckler           |    17 |    25 |    86 |       ||   128
         Kite shield       |       |       |    25 |     4 ||    29

Table legend:
 A = Non-vault XP
 B = Vault XP
 C = Vault XP percentage of total XP
 D = Non-vault monster count
 E = Vault monster count
 F = Vault count percentage of total count
                 A         B        C        D         E       F
            +---------+---------+-------+---------+---------+-------
      Total |    3882 |     997 |  20.4 |     133 |      87 |  39.5
            +---------+---------+-------+---------+---------+-------
        D:1 |      32 |       0 |   0.0 |      19 |       0 |   0.0
        D:2 |      53 |       3 |   5.4 |      23 |       2 |   8.0
        D:3 |     163 |       8 |   4.7 |      15 |       5 |  25.0
        D:4 |     294 |      36 |  10.9 |      16 |       8 |  33.3
        D:5 |     404 |       0 |   0.0 |      14 |       0 |   0.0
        D:6 |     485 |       0 |   0.0 |       9 |       0 |   0.0
        D:7 |    1822 |     632 |  25.8 |      27 |      21 |  43.8
        D:8 |     629 |       0 |   0.0 |      10 |       0 |   0.0
      Sewer |       0 |     298 | 100.0 |       0 |      31 | 100.0
    Ossuary |       0 |      20 | 100.0 |       0 |      20 | 100.0
            +---------+---------+-------+---------+---------+-------
